 Dungeon Crawl Stone Soup version 0.28-a0-512-g960c72b710 (webtiles) character file.

Game seed: 3699700193463334794

2 Lekart the Sneak (level 1, -1/19 HPs)
             Began as a Draconian Delver on Sept 22, 2021.
             Slain by a scorpion zombie (2 damage)
             ... on level 5 of the Dungeon.
             The game lasted 00:00:25 (34 turns).

Lekart the Sneak (Draconian Delver)                   Turns: 34, Time: 00:00:25

Health: -1/19      AC:  4    Str: 14    XL:     1   Next: 33%
Magic:  1/1        EV: 12    Int: 10    God:
Gold:   0          SH:  0    Dex: 12    Spells: 0/0 levels left

rFire   . . .      SeeInvis .   a - +0 falchion
rCold   . . .      Faith    .   (no shield)
rNeg    . . .      Spirit   .   (armour unavailable)
rPois   .          Reflect  .   (helmet restricted)
rElec   .          Harm     .   (no cloak)
rCorr   .          Rampage  .   (no gloves)
Will    .....                   (no boots)
Stlth   +++.......              (no amulet)
HPRegen 0.06/turn               (no ring)
MPRegen 0.07/turn               (no ring)

@: no status effects
A: AC +4, unfitting armour, cold-blooded
a: no special abilities


You were on level 5 of the Dungeon.
You visited 1 branch of the dungeon, and saw 1 of its levels.

Inventory:

Hand Weapons
 a - a +0 falchion (weapon)
Wands
 f - a wand of digging (3)
Scrolls
 b - a scroll of fog
 c - a scroll of magic mapping
 d - a scroll of fear
Potions
 e - a potion of haste


   Skills:
 + Level 3.3 Fighting
 + Level 2.0 Long Blades
 + Level 1.7 Dodging
 + Level 4.6 Stealth


You couldn't memorise any spells.
You didn't know any spells.
Your spell library was empty.

Dungeon Overview and Level Annotations

Branches:
Dungeon (5/15)
 Temple: D:4-7

Altars:


Innate Abilities, Weirdness & Mutations

Your plain brown scales are hard. (AC +4)
You cannot fit into any form of body armour.
You are cold-blooded and may be slowed by cold attacks.


Message History

A scorpion zombie is nearby!
You hit the scorpion zombie.
The scorpion zombie is heavily damaged.
The scorpion zombie barely misses you.
A scorpion zombie is nearby!
You barely miss the scorpion zombie.
The scorpion zombie is heavily damaged.
The scorpion zombie hits you.
A scorpion zombie is nearby!
A scorpion zombie is nearby!
You hit the scorpion zombie.
The scorpion zombie is heavily damaged.
The scorpion zombie hits you!
A scorpion zombie is nearby!
You are too injured to fight recklessly!
A scorpion zombie is nearby!
You are too injured to fight recklessly!
A scorpion zombie is nearby!
A scorpion zombie is nearby!
You are too injured to fight recklessly!
You are too injured to fight recklessly!
You hit the scorpion zombie but do no damage.
The scorpion zombie is heavily damaged.
The scorpion zombie barely misses you.
You hit the scorpion zombie.
The scorpion zombie is heavily damaged.
The scorpion zombie hits you.
* * * LOW HITPOINT WARNING * * *
The scorpion zombie closely misses you.
You barely miss the scorpion zombie.
The scorpion zombie is heavily damaged.
The scorpion zombie hits you but does no damage.
You hit the scorpion zombie.
The scorpion zombie is severely damaged.
The scorpion zombie closely misses you.
You hit the scorpion zombie but do no damage.
You tail-slap the scorpion zombie, but do no damage.
The scorpion zombie is severely damaged.
The scorpion zombie hits you.
You die...

....##... ##
####.#.....# ..#### ##
...........# #.#.. ...
........... #.#.##..#
.......... #.#.#...#
......... ##.......#
........#####........#
......Z@.............#
#####.##.####........#
# #.# #........# ..#
#........# ####
#........###
#...........
#........###
#........# #........#


You could see a scorpion zombie.

Vanquished Creatures
  A dart slug (D:5)
1 creature vanquished.

Notes
Turn   | Place    | Note
-------+----------+-------------------------------------------
     0 | D:5      | Lekart the Draconian Delver began the quest for the Orb.
     0 | D:5      | Reached XP level 1. HP: 19/19 MP: 1/1
    34 | D:5      | Slain by a scorpion zombie

Illustrated notes

Levels and vault maps discovered:
D:5:      layout_basic, lemuel_crystal_altar, lightli_temple_of_fire

Action                   || total
-------------------------++-------
Melee: Falchion          ||    13
       Tailslap          ||     3
Armor: Skin              ||     1
Dodge: Dodged            ||     9

Table legend: (Time is in decaauts)
 A = Elapsed time spent in this place.
 B = Non-inter-level travel time spent in this place.
 C = Inter-level travel time spent in this place.
 D = Time resting spent in this place.
 E = Time spent auto-exploring this place.
 F = Levels seen in this place.
 G = Mean time per level.
                   A        B        C        D        E       F      G
               +--------+--------+--------+--------+--------+-----+--------+
         Total |     36 |     36 |      0 |      0 |     10 |   1 |   36.0 |
       Dungeon |     36 |     36 |      0 |      0 |     10 |   1 |   36.0 |
               +--------+--------+--------+--------+--------+-----+--------+

Top non-repeatable levels by time:
     D:5: 36 daAuts
